 Dungeon Crawl Stone Soup version 0.31.0-12-g77e489cdc1 (webtiles) character file.

Game seed: 15280363399168605675

21426 gohu the Severer (level 12, 0/112 HPs)
             Began as a Minotaur Fighter on Feb 18, 2024.
             Was a Plaything of Xom.
             Slain by a rakshasa
             ... wielding the +9 war axe of the Priest {distort, Dex+3}
              (6 damage)
             ... on level 13 of the Dungeon.
             The game lasted 00:26:04 (10737 turns).

gohu the Severer (Minotaur Fighter)                Turns: 10737, Time: 00:26:05

Health: 0/112      AC: 30    Str: 26    XL:     12   Next: 54%
Magic:  11/11      EV:  8    Int: 12    God:    Xom [......]
Gold:   702        SH:  0    Dex: 10    Spells: 11/11 levels left

rFire   . . .        y - +11 battleaxe of Slime {freeze, Str+2 Int+3}
rCold   . . .        (shield currently unavailable)
rNeg    . . .        o - +0 plate armour
rPois   .            (helmet restricted)
rElec   .            h - +0 cloak
rCorr   .            K - +0 pair of gloves
SInv    .            e - +0 pair of boots
Will    +....        L - amulet of the acrobat Stlth
                     r - +4 ring of protection
HPRegen 0.38/turn    D - ring of willpower
MPRegen 0.12/turn

%: acrobat
@: no status effects
A: horns 2, retaliatory headbutt, claws 1, iridescent scales 3, clever 1
a: Renounce Religion


You were on level 13 of the Dungeon.
You worshipped Xom.
You were a very special plaything of Xom.
You visited 2 branches of the dungeon, and saw 14 of its levels.

You collected 702 gold pieces.

Inventory:

Hand Weapons
 a - a +0 war axe
 y - the +11 battleaxe of Slime (weapon) {freeze, Str+2 Int+3}
   (You found it on level 5 of the Dungeon)

   Str+2:     It affects your strength (+2).
   Int+3:     It affects your intelligence (+3).
 N - a +0 battleaxe of chaos
Missiles
 g - 14 javelins
 n - 2 throwing nets
 w - 15 boomerangs (quivered)
 P - 3 silver javelins
Armour
 b - a +0 scale mail
 c - a +0 buckler
 e - a +0 pair of boots (worn)
 h - a +0 cloak (worn)
 k - a +0 hat
 m - a +0 kite shield
 o - a +0 plate armour (worn)
 A - a +0 cloak
 K - a +0 pair of gloves (worn)
Jewellery
 q - an amulet of magic regeneration
 r - a +4 ring of protection (left hand)
 D - a ring of willpower (right hand)
 H - a ring of willpower
 L - an amulet of the acrobat (around neck)
Wands
 z - a wand of polymorph (8)
 B - a wand of iceblast (22)
 E - a wand of acid (7)
 F - a wand of paralysis (3)
 M - a wand of flame (16)
Scrolls
 f - 4 scrolls of enchant weapon
 l - 2 scrolls of vulnerability
 s - 2 scrolls of teleportation
 u - 2 scrolls of identify
 v - 3 scrolls of noise
 C - 3 scrolls of torment
 G - a scroll of revelation
Potions
 i - 2 potions of magic
 j - 5 potions of haste
 t - 2 potions of lignification
 x - a potion of curing
 I - 3 potions of enlightenment
 J - 4 potions of attraction
 Q - a potion of mutation
 R - a potion of cancellation {unknown}
Miscellaneous
 O - a condenser vane (inert)


   Skills:
 + Level 12.2 Fighting
 - Level 18.0 Axes
 + Level 3.3 Throwing
 + Level 12.2 Armour
 + Level 2.0 Dodging
 - Level 4.5 Shields


You had 11 spell levels left.
You didn't know any spells.
Your spell library contained the following spells:

 Spells                   Type           Power      Damage    Failure   Level
 Foxfire                  Conj/Fire      0%         2x1d4     95%         1
 Magic Dart               Conj           0%         1d3       95%         1
 Necrotise                Necr           0%         1d4       95%         1
 Blink                    Tloc           0%         N/A       99%         2
 Call Imp                 Summ           0%         N/A       99%         2
 Static Discharge         Conj/Air       0%         3-3/arc   99%         2
 Sublimation of Blood     Necr           0%         N/A       99%         2
 Call Canine Familiar     Summ           0%         N/A       100%        3
 Fugue of the Fallen      Necr           0%         N/A       100%        3
 Hailstorm                Conj/Ice       0%         3d5       100%        3
 Ozocubu's Armour         Ice            0%         N/A       100%        3
 Sigil of Binding         Hex            0%         N/A       100%        3
 Summon Ice Beast         Ice/Summ       0%         N/A       100%        3
 Vampiric Draining        Necr           0%         2d6       100%        3
 Airstrike                Air            0%         2d(0-16)  100%        4
 Dimensional Bullseye     Hex/Tloc       0%         N/A       100%        4
 Manifold Assault         Tloc           0%         N/A       100%        4
 Martyr's Knell           Necr/Summ      0%         N/A       100%        4
 Petrify                  Alch/Erth      0%         N/A       100%        4
 Summon Lightning Spire   Summ/Air       0%         N/A       100%        4
 Vhi's Electric Charge    Tloc/Air       0%         N/A       100%        4
 Arcjolt                  Conj/Air       0%         1d10      100%        5
 Curse of Agony           Necr           0%         N/A       100%        5
 Irradiate                Conj/Alch      0%         3d11      100%        5
 Plasma Beam              Fire/Air       0%         2x1d10    100%        6
 Sculpt Simulacrum        Ice/Alch       0%         N/A       100%        6
 Starburst                Conj/Fire      0%         6d3       100%        6


Dungeon Overview and Level Annotations

Branches:
Dungeon (13/15)            Temple (1/1) D:5            Lair (0/5) D:8
    Orc (0/2) D:11
 Vaults: D:13-14

Altars:
Cheibriados
Dithmenos
Elyvilon
Fedhas
Gozag
Hepliaklqana
Kikubaaqudgha
Makhleb
Nemelex Xobeh
Okawaru
Qazlal
Ru
Sif Muna
Trog
Uskayaw
Vehumet
Wu Jian
Xom
Yredelemnul
Zin
The Shining One

Shops:
D:9 (


Innate Abilities, Weirdness & Mutations

You have a pair of horns on your head.
You reflexively headbutt those who attack you in melee.
You have sharp fingernails.
You are completely covered in iridescent scales. (AC +6)
Your mind is acute. (Int +4, Str/Dex -1)


Message History

The -4 hand axe of venom hits you but does no damage.
You are more poisoned.
You slash the -4 hand axe of venom!
The -4 hand axe of venom falls from the air.
You slash the -4 hand axe of venom!
You destroy the -4 hand axe of venom!
The -4 hand axe of venom shimmers and vanishes!
You feel very sick.
Your Dodging skill increases to level 2!
You feel very sick.
Clouds condense from the air!
The condenser dries out!
You feel very sick.
Unknown command.
You slash the rakshasa! You freeze the rakshasa. You headbutt the rakshasa.
The rakshasa is moderately wounded.
You feel very sick.
The rakshasa hits you with the +9 war axe of the Priest {distort, Dex+3}.
Space warps horribly around you!
You miss the rakshasa. Your headbutt misses the rakshasa.
The rakshasa is moderately wounded.
You feel very sick.
The rakshasa hits you with the +9 war axe of the Priest {distort, Dex+3}.
Space warps horribly around you!
You barely miss the rakshasa. Your headbutt misses the rakshasa.
The rakshasa is moderately wounded.
You feel sick.
The rakshasa hits you with the +9 war axe of the Priest {distort, Dex+3}!
* * * LOW HITPOINT WARNING * * *
Space warps horribly around you!!
* * * LOW HITPOINT WARNING * * *
You feel better.
The rakshasa hits you with the +9 war axe of the Priest {distort, Dex+3}!
* * * LOW HITPOINT WARNING * * *
As you read the scroll of fear, it crumbles to dust.
You assume a fearsome visage.
The rakshasa resists with almost no effort.
The rakshasa hits you but does no damage.
Space warps around you.
You die...
Xom chuckles heartily!

##..........).....#..
##.........#.#........
##.#..........###...##...
+.......##.........####..
##..###..###..##..#######
#.....#.####.....###)b##
#................###...R##
........†..>.....##(b##..#
........)@.....#.###bbb#.#
.........R§...#..###.b.#b
.
.###.#...........######9#
# .......§§§.......# §b
...>..........#...♣ .
..........#....#..♣♣ .
.##.......#.......♣
##..............♣ .
...>.####.#....♣


You could see a rakshasa.

Vanquished Creatures
  Snorg (D:11)
  A boulder beetle (D:11)
  A centaur warrior (D:13)
  2 two-headed ogres
  2 dancing weapons (D:13)
  An ugly thing (D:13)
  2 cyclopes (D:11)
  5 centaur zombies (D:10)
  3 meliai (D:13)
  2 gargoyles
  3 kobold demonologists (D:11)
  2 unseen horror zombies (D:10)
  A komodo dragon (D:8)
  3 trolls
  Grinder (D:4)
  3 hornets
  10 slime creatures (D:13)
  3 wraiths (D:10)
  3 shadows (D:10)
  9 yaks
  2 unseen horror simulacra (D:9)
  6 vampires
  2 wyverns
  2 basilisks (D:8)
  6 vampire mosquitoes (D:11)
  3 water moccasins (D:6)
  A swamp drake (D:8)
  2 orc warriors
  A sky beast (D:6)
  5 ice beasts
  2 black bears
  2 ogres (D:6)
  3 wolves
  3 centaurs
  A kobold brigand (D:6)
  3 bullfrogs
  A gnoll sergeant (D:9)
  2 scorpions (D:7)
  4 wights
  11 killer bees
  An electric eel (D:9)
  A bombardier beetle (D:5)
  3 hounds
  3 jellies
  2 orc priests
  4 iguanas
  3 orc wizards
  2 centaur simulacra (D:9)
  A gnoll (D:7)
  5 adders
  A shadow imp (D:8)
  7 white imps
  7 ufetubi
  A ribbon worm (D:2)
  2 dart slugs
  17 orcs
  7 ball pythons
  7 endoplasms
  4 giant cockroaches
  A hobgoblin (D:1)
  3 jackals (D:3)
  13 kobolds
  3 quokkas
  5 bats
  5 frilled lizards
  3 goblins
  3 rats
  2 butterflies (D:4)
236 creatures vanquished.

Notes
Turn   | Place    | Note
-------+----------+-------------------------------------------
     0 | D:1      | gohu the Minotaur Fighter began the quest for the Orb.
     0 | D:1      | Reached XP level 1. HP: 19/19 MP: 0/0
   144 | D:1      | Found a faded altar of an unknown god.
   148 | D:1      | Reached XP level 2. HP: 27/27 MP: 1/1
   508 | D:2      | Found a blossoming altar of Fedhas.
   559 | D:2      | Reached skill level 3 in Axes
   867 | D:2      | Reached XP level 3. HP: 28/33 MP: 2/2
  1274 | D:3      | Noticed a black bear
  1280 | D:3      | Reached skill level 4 in Axes
  1284 | D:3      | Killed a black bear
  1285 | D:3      | Reached skill level 5 in Axes
  1285 | D:3      | Reached XP level 4. HP: 13/40 MP: 3/3
  1285 | D:3      | Reached XP level 5. HP: 15/46 MP: 4/4
  2456 | D:4      | Found a shimmering altar of Xom.
  2649 | D:4      | Noticed Grinder
  2689 | D:4      | Paralysed by Grinder for 2 turns
  2697 | D:5      | Entered Level 5 of the Dungeon
  2701 | D:5      | Found Qeamiu's Distillery.
  2710 | D:5      | Reached skill level 6 in Axes
  2775 | D:5      | Reached XP level 6. HP: 52/52 MP: 5/5
  2955 | D:5      | Noticed an ice beast
  2964 | D:5      | Killed an ice beast
  2997 | D:5      | Reached skill level 7 in Axes
  3048 | D:5      | Found a staircase to the Ecumenical Temple.
  3056 | Temple   | Entered the Ecumenical Temple
  3122 | D:5      | Identified the +11 battleaxe of Slime {freeze, Str+2 Int+3}
  3160 | D:4      | Paralysed by Grinder for 3 turns
  3165 | D:4      | Killed Grinder
  3166 | D:4      | Reached skill level 8 in Axes
  3166 | D:4      | Reached skill level 5 in Armour
  3166 | D:4      | Reached XP level 7. HP: 60/60 MP: 6/6
  3208 | D:4      | Became a worshipper of Xom of Chaos
  3657 | D:5      | XOM: divination: detect items
  3703 | D:5      | XOM: divination: detect items
  3704 | D:5      | XOM: noise
  3722 | D:5      | XOM: give mutations
  3722 | D:5      | Gained mutation: You have a pair of large horns on your
                  | head. [Xom's grace]
  3722 | D:5      | Gained mutation: You have sharp fingernails. [Xom's grace]
  3723 | D:5      | XOM: give mutations
  3723 | D:5      | Gained mutation: Your flesh is heat resistant. (rF+) [Xom's
                  | grace]
  3723 | D:5      | Gained mutation: You are partially covered in iridescent
                  | scales. (AC +2) [Xom's grace]
  3723 | D:5      | Gained mutation: You are somewhat resistant to further
                  | mutation. [Xom's grace]
  3723 | D:5      | Gained mutation: You are strong-willed. (Will+) [Xom's
                  | grace]
  3801 | D:6      | XOM: scenery: create altars
  3866 | D:6      | Reached skill level 1 in Throwing
  3871 | D:6      | Reached skill level 5 in Fighting
  3897 | D:6      | XOM: confusion (+ monsters)
  3900 | D:6      | Reached skill level 9 in Axes
  3936 | D:6      | XOM: noise
  3939 | D:6      | Reached XP level 8. HP: 53/68 MP: 7/7
  3948 | D:6      | Reached skill level 10 in Axes
  4334 | D:6      | Reached skill level 11 in Axes
  4842 | D:7      | Found a sparkling altar of Nemelex Xobeh.
  4963 | D:7      | Noticed a troll
  4967 | D:7      | XOM: enchant monster (bad)
  4969 | D:7      | Killed a troll
  4970 | D:7      | Reached XP level 9. HP: 75/75 MP: 8/8
  4981 | D:7      | Reached skill level 12 in Axes
  5221 | D:7      | Found a burning altar of Makhleb.
  5239 | D:7      | XOM: divination: detect creatures
  5263 | D:7      | Found an ornate altar of the Wu Jian Council.
  5410 | D:7      | XOM: scenery: 1 doors close
  5582 | D:7      | XOM: scenery: 1 doors open
  5823 | D:8      | Identified the +4 barding of Lute {Fly rPois Will- Slay+4}
  6106 | D:8      | XOM: summons 2 hostile demons
  6281 | D:8      | Reached skill level 13 in Axes
  6293 | D:8      | Noticed a komodo dragon
  6303 | D:8      | Killed a komodo dragon
  6375 | D:8      | Noticed a komodo dragon
  6375 | D:8      | a komodo dragon changed into a wolf
  6375 | D:8      | XOM: polymorph komodo dragon -> wolf
  6397 | D:8      | XOM: give mutations
  6397 | D:8      | Gained mutation: You are mostly covered in iridescent
                  | scales. (AC +4) [Xom's grace]
  6397 | D:8      | Gained mutation: You are completely covered in iridescent
                  | scales. (AC +6) [Xom's grace]
  6397 | D:8      | Gained mutation: You are highly strong-willed. (Will++)
                  | [Xom's grace]
  6445 | D:8      | Found a staircase to the Lair.
  6447 | D:8      | XOM: scenery: create altars
  6545 | D:9      | Found an iron altar of Okawaru.
  6621 | D:9      | Reached skill level 14 in Axes
  6790 | D:9      | XOM: god gift: silver wand {god gift}
  6885 | D:9      | XOM: enchant monster (bad)
  6886 | D:9      | Noticed a troll
  6888 | D:9      | Reached XP level 10. HP: 86/86 MP: 9/9
  7051 | D:9      | Found Esiugg's Firing Range.
  7285 | D:9      | Reached skill level 15 in Axes
  7300 | D:9      | XOM: 4-stop teleportation journey
  7347 | D:9      | XOM: summons 1 hostile demon
  7479 | D:9      | Found a snail-covered altar of Cheibriados.
  7481 | D:9      | Found an ancient bone altar of Kikubaaqudgha.
  7521 | D:9      | XOM: 10-stop teleportation journey
  7633 | D:9      | XOM: noise
  7687 | D:10     | Entered Level 10 of the Dungeon
  7700 | D:10     | XOM: silly message
  7704 | D:10     | XOM: confuse monster(s)
  7712 | D:10     | Reached skill level 16 in Axes
  7852 | D:10     | XOM: enchant monster (good)
  7859 | D:10     | Reached XP level 11. HP: 55/94 MP: 10/10
  7873 | D:10     | XOM: swap monsters
  8249 | D:10     | XOM: god gift: +0 battleaxe of chaos
  8264 | D:10     | Reached skill level 17 in Axes
  8397 | D:10     | Identified the +4 long sword of Rudioh {distort, Str+3}
  8431 | D:10     | Lost mutation: You are highly strong-willed. (Will++)
                  | [potion of mutation]
  8431 | D:10     | Lost mutation: You have a pair of large horns on your head.
                  | [potion of mutation]
  8431 | D:10     | Lost mutation: You are somewhat resistant to further
                  | mutation. [potion of mutation]
  8431 | D:10     | Gained mutation: Your mind is acute. (Int +4, Str/Dex -1)
                  | [potion of mutation]
  8431 | D:10     | Lost mutation: You are strong-willed. (Will+) [potion of
                  | mutation]
  8572 | D:10     | XOM: god gift: wand of flame (6)
  8588 | D:11     | XOM: divination: detect items
  8676 | D:11     | Identified the +0 ring mail of Xuzuog {rPois}
  8707 | D:11     | XOM: summons friendly ufetubus
  8725 | D:11     | Reached skill level 18 in Axes
  8732 | D:11     | XOM: silly message
  8736 | D:11     | XOM: divination: detect items
  8742 | D:11     | XOM: smoke on damage
  8745 | D:11     | XOM: cast spell 'Cause Fear'
  8815 | D:11     | Found a staircase to the Orcish Mines.
  8815 | D:11     | XOM: 2-stop teleportation journey
  8891 | D:11     | XOM: divination: detect items
  8951 | D:11     | XOM: enchant monster (bad)
  8956 | D:11     | Reached skill level 1 in Dodging
  8979 | D:11     | Noticed a boulder beetle
  8997 | D:11     | Killed a boulder beetle
  8998 | D:11     | Reached skill level 10 in Fighting
  9151 | D:11     | Noticed Snorg
  9161 | D:11     | Killed Snorg
  9162 | D:11     | Reached skill level 10 in Armour
  9456 | D:12     | XOM: noise
  9456 | D:12     | Noticed a two-headed ogre
  9458 | D:12     | Killed a two-headed ogre
  9480 | D:10     | XOM: cloud trail
  9555 | D:12     | Reached XP level 12. HP: 106/108 MP: 11/11
  9918 | D:12     | Noticed a two-headed ogre
 10199 | D:13     | Noticed a two-headed ogre
 10207 | D:13     | Killed a two-headed ogre
 10228 | D:13     | Noticed a centaur warrior
 10236 | D:13     | Killed a centaur warrior
 10253 | D:13     | XOM: give mutation
 10253 | D:13     | Lost mutation: Your flesh is heat resistant. (rF+) [Xom's
                  | mischief]
 10453 | D:13     | XOM: enchant monster (bad)
 10458 | D:13     | XOM: noise
 10488 | D:13     | XOM: smoke on damage
 10491 | D:13     | XOM: blink monster(s)
 10494 | D:13     | Found a sparkling altar of Nemelex Xobeh.
 10494 | D:13     | Noticed a centaur warrior
 10494 | D:13     | Identified the +9 war axe of the Priest {distort, Dex+3}
 10494 | D:13     | Noticed a rakshasa
 10494 | D:13     | XOM: 4-stop teleportation journey
 10735 | D:13     | HP: 3/112 [rakshasa/the +9 war axe of the Priest {distort,
                  | Dex+3} (24)]
 10737 | D:13     | Slain by a rakshasa

Illustrated notes

Levels and vault maps discovered:
D:1:      tarquinn_simple_flora_water_b, layout_basic,
          dreamdust_ecumenical_altar_statues
D:2:      layout_basic, basic_altar
D:3:      layout_basic, grunt_decor_resistance
D:4:      layout_loops_ring, xom_butterflies, uniq_grinder
D:5:      layout_loops_ring, minmay_temple_entry_glass, serial_shops, shop
D:6:      layout_basic, kennysheep_nondescript
D:7:      kennysheep_six_static_rooms, layout_basic,
          nicolae_overflow_hidden_temple, mainiacjoe_overflow_six_doors_small
D:8:      layout_basic, erik_lair_dragon, dk_noncrumbling_3,
          grunt_decor_arrowhead
D:9:      minmay_spotlight, layout_loops_ring, mainiacjoe_overflow_24_doors,
          mainiacjoe_overflow_divided_tiny, serial_ice, serial_ice_a,
          serial_ice_n, serial_ice_e, serial_ice_k, serial_ice_f, serial_ice_c,
          chequers_serial_rivers_small_3, nicolae_shop_firing_range
D:10:     layout_cave_pools, serial_undead, serial_undead_a, serial_undead_a,
          serial_undead_c, serial_undead_e
D:11:     layout_rooms, orc_0_dummy, uniq_snorg
D:12:     layout_loops_ring
D:13:     regret_index_nemelex_summoning_deck_glade, layout_cave_pools,
          david_vaults_2, minmay_fractal_squares_gapless_7
Temple:   minmay_temple_curvy_branch

Skill      XL: |  1  2  3  4  5  6  7  8  9 10 11 12 |
---------------+-------------------------------------+-----
Axes           | 3 5 6 8 9 11 14 16 18 | 18.0
Armour         | 4 5 6 7 8 10 12 | 12.2
Fighting       | 4 5 6 7 8 10 12 | 12.2
Shields        | 4 |  4.5
Throwing       | 1 2 3 |  3.3
Dodging        | 1 2 |  2.0

Action                     |  1- 3 |  4- 6 |  7- 9 | 10-12 || total
---------------------------+-------+-------+-------+-------++-------
  Melee: War axe           |    79 |   101 |       |       ||   180
         Headbutt          |    11 |    13 |    17 |    43 ||    84
         Battleaxe         |       |     3 |   120 |   262 ||   385
  Throw: Boomerang         |       |     3 |     5 |    15 ||    23
         Javelin           |       |     2 |     1 |       ||     3
  Evoke: Condenser vane    |       |       |       |     1 ||     1
    Use: Potion            |     1 |     1 |     6 |     7 ||    15
         Scroll            |       |       |       |    12 ||    12
 Armour: Scale mail        |    70 |    96 |    53 |       ||   219
         Skin              |       |       |     7 |       ||     7
         Plate armour      |       |       |    37 |   292 ||   329
  Dodge: Dodged            |    38 |    36 |    57 |    90 ||   221
  Block: Buckler           |    11 |       |       |       ||    11
         Kite shield       |     9 |    49 |       |       ||    58
